 Dungeon Crawl Stone Soup version 0.29.1-1-gd02db6906a (console) character file.

Game seed: 5829731493378027808

7 sentinel the Digger (level 2, 20/20 HPs)
             Began as a Meteoran Earth Elementalist on Sept 29, 2022.
             Quit the game on level 1 of the Dungeon.
             The game lasted 00:00:04 (67 turns).

sentinel the Digger (Meteoran Earth Elementalist)     Turns: 67, Time: 00:00:05

Health: 20/20      AC:  2    Str:  9    XL:     2   Next: 23%
Magic:  6/6        EV: 12    Int: 16    God:
Gold:   0          SH:  0    Dex: 14    Spells: 5/6 levels left

rFire   . . .      SeeInvis .   (no weapon)
rCold   . . .      Faith    .   (no shield)
rNeg    . . .      Spirit   .   a - +0 robe
rPois   .          Reflect  .   (no helmet)
rElec   .          Harm     .   (no cloak)
rCorr   .          Rampage  .   (no gloves)
Will    .....                   (no boots)
Stlth   +.........              (no amulet)
HPRegen 0.06/turn               (no ring)
MPRegen 0.10/turn               (no ring)

@: glowing
A: sense surroundings 1, otherworldly, glowing, explore regen
a: no special abilities


You were on level 1 of the Dungeon.
You visited 1 branch of the dungeon, and saw 1 of its levels.

Inventory:

Armour
 a - a +0 robe (worn)
Scrolls
 d - a scroll of identify {unknown}
 e - a scroll of immolation
Potions
 b - a potion of magic
 c - 2 potions of heal wounds {unknown}


   Skills:
 - Level 2.4 Dodging
 - Level 1.4 Stealth
 - Level 2.6 Spellcasting
 - Level 1.2 Transmutations
 + Level 4.3 Earth Magic


You had 5 spell levels left.
You knew the following spells:

 Your Spells              Type           Power      Damage    Failure   Level
a - Sandblast             Erth           30%        2d9       3%          1

Your spell library contained the following spells:

 Spells                   Type           Power      Damage    Failure   Level
 Passwall                 Tmut/Erth      9%         N/A       10%         2
 Stone Arrow              Conj/Erth      18%        3d8       24%         3
 Petrify                  Tmut/Erth      11%        N/A       52%         4


Dungeon Overview and Level Annotations

Branches:
Dungeon (1/15) Zot: 529

Altars:


Innate Abilities, Weirdness & Mutations

You passively map a small area around you.
You are easily found by Zot.
You glow in the dark.
You regain HP and MP as you explore.


Message History

A rat comes into view.
You closely miss the hobgoblin.
The hobgoblin is severely wounded.
The hobgoblin hits you.
The blast of sand misses the hobgoblin.
The blast of sand hits the rat.
You kill the rat!
The hobgoblin hits you.
You have reached level 2!
Unknown command.
You are out of magic!
Unknown command.
You are out of magic!
Unknown command.
You hit the hobgoblin but do no damage.
The hobgoblin is severely wounded.
The hobgoblin closely misses you.
You hit the hobgoblin but do no damage.
The hobgoblin is severely wounded.
The hobgoblin hits you.
The blast of sand hits the hobgoblin!
You kill the hobgoblin!
Unknown command.
You are out of magic!
Unknown command.
You are out of magic!
Unknown command.
You are out of magic!
Unknown command.
But you're not safe!
Unknown command.
But you're not safe!
Unknown command.
But you're not safe!
Unknown command.
But you're not safe!
Unknown command.
But you're not safe!
Unknown command.
You barely miss the rat. The rat bites you.
You hit the rat.
The rat is heavily wounded.
The rat bites you.
You are out of magic!
Unknown command.
You are out of magic!
Unknown command.
You are out of magic!
Unknown command.
You are out of magic!
Unknown command.
You barely miss the rat.
The rat is heavily wounded.
The rat bites you but does no damage.
You hit the rat but do no damage.
The rat is heavily wounded.
The rat closely misses you.
You are out of magic!
Unknown command.
You are out of magic!
Unknown command.
You are out of magic!
Unknown command.
You are out of magic!
Unknown command.
You hit the rat.
You kill the rat!
No target in view!
You are out of magic!
Unknown command.
You are out of magic!
Unknown command.
You are out of magic!
Unknown command.
You are out of magic!
Unknown command.
You see here a rat corpse.
Things that are here:
a +2 short sword of holy wrath; a kobold corpse Unknown command.
Found a faded altar of an unknown god.
Unknown command.
d - a scroll labelled BIATTUR FACAUGA Unknown command.
HP restored.
A ball python comes into view.
Unknown command.
But you're not safe!
Unknown command.
Found 14 gold pieces.
There is a faded altar of an unknown god here.
You see here a scroll of immolation.
The blast of sand hits the ball python!
You kill the ball python!
Unknown command.
Press < or > to pray at altars.
You can't see any susceptible monsters within range! (Use Z to cast anyway.) Unknown command.
Press < or > to pray at altars.
You can't see any susceptible monsters within range! (Use Z to cast anyway.) Unknown command.
Press < or > to pray at altars.
You can't see any susceptible monsters within range! (Use Z to cast anyway.) Unknown command.
Press < or > to pray at altars.
No target in view!
No target in view!
You can't see any susceptible monsters within range! (Use Z to cast anyway.) Unknown command.
Press < or > to pray at altars.
You can't see any susceptible monsters within range! (Use Z to cast anyway.) Unknown command.
Press < or > to pray at altars.
You can't see any susceptible monsters within range! (Use Z to cast anyway.) Unknown command.
Press < or > to pray at altars.
You can't see any susceptible monsters within range! (Use Z to cast anyway.) Unknown command.
Press < or > to pray at altars.
No target in view!
No target in view!
You can't see any susceptible monsters within range! (Use Z to cast anyway.) Unknown command.
Press < or > to pray at altars.
You can't see any susceptible monsters within range! (Use Z to cast anyway.) Unknown command.
Press < or > to pray at altars.
You can't see any susceptible monsters within range! (Use Z to cast anyway.) Unknown command.
Press < or > to pray at altars.
You can't see any susceptible monsters within range! (Use Z to cast anyway.) Unknown command.
Press < or > to pray at altars.
e - a scroll of immolation
There is a faded altar of an unknown god here.
Unknown command.
Press < or > to pray at altars.
Magic restored.
Found 9 stones.
Unknown command.
A dart slug comes into view.
Unknown command.
But you're not safe!
Unknown command.
But you're not safe!
Unknown command.
Unknown command.
Unknown command.
Unknown command.
Unknown command.
Are you sure you want to abandon this character and quit the game? (Confirm with "yes".)

######......... , ,
##......)...##.#* , *
...#.#†.....# ,# # ,
............# , ,.. ,
..#..##.....##.# * ...
.#.............. , ....
.......#.#####..,, .....
...#..##.#########......
................@.......
.._..#.+.#.#######....(.
, , ...#..#....# w....
.#.........# .... ,
.........#.# , ...
#...#....#.# , , .. * *
.#.#.....#.# , .,
.........#.# ,
.$.........# ,,


You could see a dart slug.

Vanquished Creatures
  A dart slug (D:1)
  A hobgoblin (D:1)
  A kobold (D:1)
  A ball python (D:1)
  2 rats (D:1)
6 creatures vanquished.

Notes
Turn   | Place    | Note
-------+----------+-------------------------------------------
     0 | D:1      | sentinel the Meteoran Earth Elementalist began the quest
                  | for the Orb.
     0 | D:1      | Reached XP level 1. HP: 14/14 MP: 5/5
    23 | D:1      | Reached skill level 4 in Earth Magic
    27 | D:1      | Reached XP level 2. HP: 14/20 MP: 0/6
    38 | D:1      | Found a faded altar of an unknown god.
    67 | D:1      | Quit the game

Illustrated notes

Levels and vault maps discovered:
D:1:      mushboom_english_gardens, layout_rooms,
          hellmonk_ecumenical_altar_blasted

Skill      XL: |  1 |
---------------+----+-----
Earth Magic    | 4 |  4.3
Dodging        | |  2.4
Stealth        | |  1.4
Spellcasting   | |  2.6
Transmutations | |  1.2

Action                   || total
-------------------------++-------
Melee: Unarmed           ||     9
 Cast: Sandblast         ||     7
Armor: Robe              ||     2
Dodge: Dodged            ||     2
